 Dungeon Crawl Stone Soup version 0.27.1 (webtiles) character file.

Game seed: 6831684720432489292

60 Malaketh the Vexing (level 4, 0/34 HPs)
             Began as a Gnoll Arcane Marksman on Aug 25, 2021.
             Succumbed to an adder's poison
             ... on level 2 of the Dungeon.
             The game lasted 00:12:42 (1778 turns).

Malaketh the Vexing (Gnoll Arcane Marksman)         Turns: 1778, Time: 00:12:42

Health: 0/34       AC:  5    Str: 11    XL:     4   Next: 6%
Magic:  7/8        EV: 11    Int: 12    God:
Gold:   89         SH:  0    Dex: 12    Spells: 7/8 levels left

rFire    . . .     SeeInvis .   e - +0 short sword
rCold    . . .     Faith    .   (no shield)
rNeg     . . .     Spirit   .   g - +0 ring mail
rPois    .         Reflect  .   (no helmet)
rElec    .         Harm     .   (no cloak)
rCorr    .         Rampage  .   (no gloves)
Will     .....                  (no boots)
Stlth    +.........             (no amulet)
HPRegen  0.11/turn              (no ring)
MPRegen  0.11/turn              (no ring)

@: lethally poisoned (0 -> -2)
A: fangs 1, strong nose, distributed training
a: no special abilities


You were on level 2 of the Dungeon.
You visited 1 branch of the dungeon, and saw 2 of its levels.

You collected 89 gold pieces.

Inventory:

Hand Weapons
 a - a +0 hand crossbow
 e - a +0 short sword (weapon)
Missiles
 c - 8 bolts
 f - 55 stones (quivered)
Armour
 b - a +1 robe of resistance
 d - a +0 robe
 g - a +0 ring mail (worn)
Magical Staves
 i - a staff of death
Scrolls
 h - a scroll of noise {unknown}
 j - 2 scrolls of identify {unknown}


   Skills:
 + Level 2.7 Fighting
 + Level 1.0 Short Blades
 + Level 1.0 Long Blades
 + Level 1.0 Axes
 + Level 1.0 Maces & Flails
 + Level 1.0 Polearms
 + Level 1.0 Staves
 + Level 1.0 Slings
 + Level 1.0 Bows
 + Level 4.6 Crossbows
 + Level 1.0 Throwing
 + Level 1.0 Armour
 + Level 4.6 Dodging
 + Level 1.0 Stealth
 + Level 1.0 Shields
 + Level 1.0 Unarmed Combat
 + Level 2.9 Spellcasting
 + Level 0.7 Conjurations
 + Level 5.4 Hexes
 + Level 0.7 Summonings
 + Level 0.7 Necromancy
 + Level 0.7 Translocations
 + Level 0.7 Transmutations
 + Level 0.7 Fire Magic
 + Level 0.7 Ice Magic
 + Level 0.7 Air Magic
 + Level 0.7 Earth Magic
 + Level 0.7 Poison Magic
 + Level 1.1 Invocations
 + Level 1.0 Evocations


You had 7 spell levels left.
You knew the following spells:

 Your Spells              Type           Power      Damage    Failure   Level
a - Corona                Hex            15%        N/A       6%          1

Your spell library contained the following spells:

 Spells                   Type           Power      Damage    Failure   Level
 Slow                     Hex            14%        N/A       10%         2
 Inner Flame              Hex/Fire       9%         N/A       43%         3
 Portal Projectile        Hex/Tloc       18%        N/A       43%         3
 Cause Fear               Hex            7%         N/A       52%         4


Dungeon Overview and Level Annotations

Branches:
Dungeon (2/15)

Altars:

Shops:
D:1 *


Innate Abilities, Weirdness & Mutations

You have very sharp teeth.
Your uncanny sense of smell can sniff out nearby items.
Your experience applies equally to all skills.


Message History

Press: ? - help, Shift-Dir - straight line, f/p - adder
Aim: an adder (chance to affect: 60%)
The adder is outlined in light.
You feel sick. The adder barely misses you.
The adder bites you but does no damage.
You hit the adder.
The adder is heavily wounded.
You feel sick. The adder bites you.
You are more poisoned.
The adder poisons you!
You closely miss the adder.
The adder is heavily wounded.
You feel sick. The adder barely misses you.
You completely miss the adder.
The adder is heavily wounded.
You feel sick. The adder bites you.
You are lethally poisoned!
The adder poisons you! The adder bites you but does no damage.
You hit the adder.
The adder is heavily wounded.
* * * LOW HITPOINT WARNING * * *
You feel very sick. The adder bites you but does no damage.
You hit the adder.
The adder is severely wounded.
* * * LOW HITPOINT WARNING * * *
You feel sick. The adder bites you.
* * * LOW HITPOINT WARNING * * *
You hit the adder.
You kill the adder!
* * * LOW HITPOINT WARNING * * *
You feel sick.
You have reached level 4!
You feel stronger.
* * * LOW HITPOINT WARNING * * *
You feel sick.
* * * LOW HITPOINT WARNING * * *
You feel sick.
* * * LOW HITPOINT WARNING * * *
You feel sick.
You die...

#.....# #.# +....
#..#####.###†###....
#..............'....
#...####.###.###....
#...#........# ###'#
### #...##.#.....#
#.# #.. ∆
#...##.##....# #.#
#.####
#...##..(....#####.#
#....###
∆#..@..((.....##....#
#<.....#
#.#.######...##.####
########
#.#..........##.#
#.########...##.# #.#
######.# #.. #.# ###
#.. ###


There were no monsters in sight!

Vanquished Creatures
  An adder (D:2)
  A gnoll (D:1)
  A dart slug (D:1)
  3 ball pythons (D:1)
  3 endoplasms (D:1)
  2 goblins (D:1)
  6 hobgoblins
  2 jackals (D:1)
  A quokka (D:1)
  5 bats (D:1)
  4 frilled lizards (D:1)
  7 kobolds (D:1)
  3 rats (D:1)
39 creatures vanquished.

Notes
Turn   | Place    | Note
-------+----------+-------------------------------------------
     0 | D:1      | Malaketh the Gnoll Arcane Marksman began the quest for the
                  | Orb.
     0 | D:1      | Reached XP level 1. HP: 17/17 MP: 4/4
   186 | D:1      | Reached XP level 2. HP: 23/23 MP: 3/5
   343 | D:1      | Reached XP level 3. HP: 28/28 MP: 4/7
   616 | D:1      | Found Lashryut's Assorted Antiques.
   857 | D:1      | Reached skill level 1 in Invocations
  1685 | D:2      | Reached skill level 1 in Short Blades
  1685 | D:2      | Reached skill level 1 in Long Blades
  1685 | D:2      | Reached skill level 1 in Axes
  1685 | D:2      | Reached skill level 1 in Maces & Flails
  1685 | D:2      | Reached skill level 1 in Polearms
  1685 | D:2      | Reached skill level 1 in Staves
  1685 | D:2      | Reached skill level 1 in Slings
  1685 | D:2      | Reached skill level 1 in Bows
  1685 | D:2      | Reached skill level 1 in Throwing
  1685 | D:2      | Reached skill level 1 in Armour
  1685 | D:2      | Reached skill level 1 in Stealth
  1685 | D:2      | Reached skill level 1 in Shields
  1685 | D:2      | Reached skill level 1 in Unarmed Combat
  1685 | D:2      | Reached skill level 1 in Evocations
  1775 | D:2      | Reached XP level 4. HP: 3/34 MP: 6/8
  1776 | D:2      | HP: 1/34 [poisoned by an adder]
  1778 | D:2      | Succumbed to an adder's poison

Illustrated notes

Levels and vault maps discovered:
D:1:      amcnicky_arrival_flooded_fountain, layout_loops_ring, serial_shops,
          shop, hex_medium, minmay_domino_4
D:2:      layout_basic, shapermc_ecumenical_altar_hornbeckon,
          chequers_serial_rivers_large_a, uniq_crazy_yiuf_cottage

Skill      XL: |  1  2  3 |
---------------+----------+-----
Invocations    | 1 |  1.1
Short Blades   | 1 |  1.0
Long Blades    | 1 |  1.0
Axes           | 1 |  1.0
Maces & Flails | 1 |  1.0
Polearms       | 1 |  1.0
Staves         | 1 |  1.0
Slings         | 1 |  1.0
Bows           | 1 |  1.0
Throwing       | 1 |  1.0
Armour         | 1 |  1.0
Stealth        | 1 |  1.0
Shields        | 1 |  1.0
Unarmed Combat | 1 |  1.0
Evocations     | 1 |  1.0
Fighting       | |  2.7
Crossbows      | |  4.6
Dodging        | |  4.6
Spellcasting   | |  2.9
Conjurations   | |  0.7
Hexes          | |  5.4
Summonings     | |  0.7
Necromancy     | |  0.7
Translocations | |  0.7
Transmutations | |  0.7
Fire Magic     | |  0.7
Ice Magic      | |  0.7
Air Magic      | |  0.7
Earth Magic    | |  0.7
Poison Magic   | |  0.7

Action                   |  1- 3 |  4- 6 || total
-------------------------+-------+-------++-------
Melee: Hand crossbow     |    27 |       ||    27
       Bite              |     7 |       ||     7
       Short sword       |    62 |       ||    62
 Fire: Hand crossbow     |    55 |       ||    55
 Cast: Corona            |    46 |       ||    46
Armor: Robe              |    25 |       ||    25
       Ring mail         |    34 |       ||    34
Dodge: Dodged            |   105 |       ||   105
